 Dungeon Crawl Stone Soup version 0.27.1-3-gb3d3a73c9e (webtiles) character file.

Game seed: 3130424878973374688

14681 toffzen the Nimble (level 11, -9/60 HPs)
             Began as a Spriggan Berserker on Oct 13, 2021.
             Was an Elder of Trog.
             Mangled by a cane toad (20 damage)
             ... on level 2 of the Lair of Beasts.
             The game lasted 00:24:26 (18289 turns).

toffzen the Nimble (Spriggan Berserker)            Turns: 18289, Time: 00:24:27

Health: -9/60      AC:  3    Str: 15    XL:     11   Next: 91%
Magic:  12/12      EV: 25    Int:  9    God:    Trog [****..]
Gold:   725        SH:  0    Dex: 16    Spells: 10/10 levels left

rFire    . . .     SeeInvis +   b - +5 short sword (elec)
rCold    . . .     Faith    .   (shield restricted)
rNeg     . . .     Spirit   .   f - +1 animal skin
rPois    .         Reflect  .   (helmet restricted)
rElec    .         Harm     .   (no cloak)
rCorr    .         Rampage  .   (gloves unavailable)
Will     ++...                  (boots unavailable)
Stlth    +.........             d - amulet of the acrobat
HPRegen  0.20/turn              z - ring of flight
MPRegen  0.13/turn              k - ring of willpower

@: lethally poisoned (-9 -> -42), flying, very quick
A: very small, no large weapons, unfitting armour, see invisible, speed 3
a: Renounce Religion, Berserk, Trog's Hand, Brothers in Arms


You were on level 2 of the Lair of Beasts.
You worshipped Trog.
Trog was greatly pleased with you.
You visited 3 branches of the dungeon, and saw 12 of its levels.

You collected 725 gold pieces.

Inventory:

Hand Weapons
 a - a +0 antimagic trident
 b - a +5 short sword of electrocution (weapon)
 c - a +0 trident
 s - a +0 spear
Missiles
 e - 349 stones (quivered)
 r - 3 throwing nets
Armour
 f - a +1 animal skin (worn)
Jewellery
 d - an amulet of the acrobat (around neck)
 k - a ring of willpower (right hand)
 z - a ring of flight (left hand)
 B - a ring of willpower
Wands
 w - a wand of acid (8)
 x - a wand of iceblast (10)
 A - a wand of mindburst (11)
 C - a wand of digging (3)
Scrolls
 j - 5 scrolls of enchant weapon
 l - a scroll of teleportation
 m - 4 scrolls of magic mapping
 t - 2 scrolls of blinking
 v - 3 scrolls of fog
Potions
 g - 3 potions of might
 h - 8 potions of curing
 i - 3 potions of lignification
 n - a potion of resistance {unknown}
 o - a potion of heal wounds
 p - 2 potions of flight
 u - a potion of attraction {unknown}
Miscellaneous
 q - a phantom mirror
 y - a phantom mirror


   Skills:
 + Level 8.6 Fighting
 * Level 10.8 Polearms
 + Level 12.9 Dodging


You had 10 spell levels left.
You didn't know any spells.
Your spell library was empty.

Dungeon Overview and Level Annotations

Branches:
Dungeon (9/15)             Temple (1/1) D:4            Lair (2/6) D:8
  Swamp: Lair:2-4    Shoals: Lair:2-4     Snake: Lair:2-4    Spider: Lair:2-4
    Orc: D:9-12

Altars:
Cheibriados
Fedhas
Gozag
Kikubaaqudgha
Trog
Uskayaw
The Shining One

Annotations:
D:3 2 transporters, Manslay's ghost, amateur OpCj
D:5 2 transporters


Innate Abilities, Weirdness & Mutations

You are very small and have problems with some larger weapons.
You are too small for most types of armour.
You have supernaturally acute eyesight. (SInv)
You cover ground extremely quickly. (Speed+++)


Message History

Trog accepts your kill.
You start resting.
You recover from your berserk rage.
You start resting.
HP restored.
There is a stone staircase leading down here.
You fly downwards.
There is a stone staircase leading up here.
Found 21 gold pieces.
You now have 707 gold pieces (gained 21).
Found a leather armour.
You see here a +0 leather armour.
Items here: ††††.
Found 18 gold pieces.
You now have 725 gold pieces (gained 18).
A cane toad comes into view.
The cane toad gives a loud, deep croak!
You hit the cane toad.
The cane toad is lightly wounded.
The cane toad completely misses you.
You hit the cane toad but do no damage.
Lightning courses through the cane toad!
The cane toad is moderately wounded.
The cane toad stings you!! The cane toad completely misses you.
You puncture the cane toad!
The cane toad is heavily wounded.
The cane toad completely misses you.
You barely miss the cane toad.
The cane toad is heavily wounded.
The cane toad stings you!
You are poisoned.
The cane toad poisons you!
You closely miss the cane toad.
The cane toad is heavily wounded.
You feel very sick. The cane toad stings you!
* * * LOW HITPOINT WARNING * * *
You are more poisoned.
The cane toad poisons you! The cane toad stings you!!
You die...

.P#.##.#.F.........
..... ####.#......###P
#.... .....#......#.#P
#....# ................
##..........#........#..
#......#........Fl.F#...
.+..........#P.......##.
#.....F#....##.......#..
#....#@### #...........
##......#P##.#..........
........................
........................
........................
...................^....
..........###P.#........
........### #.....#.#.
#.#......#
#####....###.#


You could see a cane toad.

Vanquished Creatures
  A two-headed ogre (D:8)
  A black mamba (Lair:1)
  A gargoyle (D:9)
  3 cane toads (Lair:1)
  6 komodo dragons
  A troll (D:9)
  2 polar bears
  9 blink frogs
  Sigmund (D:5)
  20 yaks
  A wyvern (Lair:2)
  A basilisk (Lair:1)
  A steam dragon (D:7)
  Menkaure (D:7)
  An acid dragon (D:9)
  6 water moccasins
  2 orc warriors
  A sky beast (D:7)
  5 black bears
  3 ice beasts
  An ogre (D:4)
  2 centaurs
  2 kobold brigands
  3 phantoms
  9 bullfrogs
  2 scorpions (D:4)
  A wyvern skeleton (D:7)
  11 killer bees
  9 wights
  7 howler monkeys
  A bullfrog zombie (D:6)
  4 hounds
  A jelly (D:5)
  5 orc priests
  2 centaur skeletons
  A gnoll shaman (D:7)
  5 iguanas
  5 orc wizards
  A killer bee zombie (D:7)
  A howler monkey skeleton (D:4)
  A howler monkey zombie (D:9)
  3 gnolls (D:7)
  7 adders
  2 shadow imps
  An ufetubus (D:5)
  2 dart slugs
  33 orcs
  A bat (D:3)
  6 endoplasms
  4 goblins
  8 hobgoblins
  16 jackals
  3 quokkas
  7 ball pythons
  3 frilled lizards
  17 kobolds
  9 rats
263 creatures vanquished.

Vanquished Creatures (others)
  A draconian (D:1)
  3 palentongas (D:1)
  A vine stalker (D:1)
  An elf (D:1)
  A troll (D:1)
  A vampire (D:1)
  A demonspawn (D:1)
  A gnoll (D:1)
  An orc (D:1)
  A kobold (D:1)
  11 fungi (Lair:2)
  37 plants
  12 tentacles (D:1)
72 creatures vanquished.

Grand Total: 335 creatures vanquished

Notes
Turn   | Place    | Note
-------+----------+-------------------------------------------
     0 | D:1      | toffzen the Spriggan Berserker began the quest for the Orb.
     0 | D:1      | Reached XP level 1. HP: 11/11 MP: 2/2
     0 | D:1      | Noticed an elf
     0 | D:1      | Noticed a demonspawn
     0 | D:1      | Noticed a palentonga
     0 | D:1      | Noticed a draconian
     0 | D:1      | Noticed a troll
     0 | D:1      | Noticed a kraken
     0 | D:1      | Noticed a palentonga
     0 | D:1      | Noticed a vine stalker
     0 | D:1      | Noticed a vampire
     0 | D:1      | Noticed a palentonga
    11 | D:1      | Killed a palentonga
    19 | D:1      | Killed a palentonga
    19 | D:1      | Killed an elf
    20 | D:1      | Killed a demonspawn
    21 | D:1      | Killed a vine stalker
    22 | D:1      | Killed a troll
    28 | D:1      | Killed a vampire
    30 | D:1      | Killed a draconian
    30 | D:1      | Killed a palentonga
   437 | D:1      | Reached XP level 2. HP: 11/16 MP: 3/3
  1164 | D:1      | Reached XP level 3. HP: 19/19 MP: 4/4
  1203 | D:1      | Reached ** piety under Trog
  2150 | D:2      | Found a faded altar of an unknown god.
  2164 | D:2      | Reached XP level 4. HP: 23/23 MP: 5/5
  2497 | D:3      | Noticed a black bear
  2818 | D:3      | Identified the +6 ring mail of Brilliance {+Blink rPois}
  2818 | D:3      | Noticed a gnoll sergeant
  2872 | D:3      | Found a transporter.
  2885 | D:3      | Found a transporter.
  2970 | D:3      | Noticed Manslay's ghost (amateur OpCj)
  3338 | D:4      | Reached skill level 5 in Dodging
  3450 | D:4      | Reached XP level 5. HP: 21/28 MP: 6/6
  3539 | D:4      | Found a staircase to the Ecumenical Temple.
  3745 | D:4      | Reached *** piety under Trog
  3842 | D:4      | Killed a black bear
  3843 | D:4      | Reached XP level 6. HP: 32/32 MP: 7/7
  4155 | D:4      | Reached skill level 6 in Dodging
  4768 | D:4      | Reached XP level 7. HP: 20/37 MP: 8/8
  5168 | Temple   | Entered the Ecumenical Temple
  5829 | D:4      | Reached skill level 5 in Polearms
  5865 | D:4      | Found a staircase to the Ecumenical Temple.
  6396 | D:5      | Entered Level 5 of the Dungeon
  6477 | D:5      | Found a transporter.
  6492 | D:5      | Found a transporter.
  6500 | D:5      | Reached skill level 7 in Dodging
  6636 | D:5      | Reached XP level 8. HP: 42/42 MP: 9/9
  6905 | D:5      | Noticed Sigmund
  6913 | D:5      | Killed Sigmund
  7038 | D:6      | Found a blossoming altar of Fedhas.
  7937 | D:6      | Reached skill level 5 in Fighting
  7937 | D:6      | Reached skill level 8 in Dodging
  8436 | D:6      | Reached **** piety under Trog
  8564 | D:6      | Found a hide-covered altar of Uskayaw.
  9130 | D:7      | Reached XP level 9. HP: 47/47 MP: 10/10
  9552 | D:6      | Reached skill level 9 in Dodging
 10333 | D:7      | Noticed Menkaure
 10352 | D:7      | Killed Menkaure
 10722 | D:8      | Noticed a two-headed ogre
 10731 | D:8      | Killed a two-headed ogre
 10732 | D:8      | Reached skill level 10 in Dodging
 11180 | D:8      | Noticed a komodo dragon
 11496 | D:8      | Killed a komodo dragon
 11497 | D:8      | Reached XP level 10. HP: 53/53 MP: 11/11
 11589 | D:8      | Found a staircase to the Lair.
 12719 | D:9      | Found a glowing golden altar of the Shining One.
 12719 | D:9      | Found a bloodstained altar of Trog.
 12719 | D:9      | Found a snail-covered altar of Cheibriados.
 13015 | D:9      | Found an ancient bone altar of Kikubaaqudgha.
 13313 | D:9      | Noticed a gargoyle
 13328 | D:9      | Reached skill level 11 in Dodging
 13475 | D:9      | Killed a gargoyle
 13593 | D:9      | Found an opulent altar of Gozag.
 14217 | D:9      | Reached ***** piety under Trog
 14484 | D:9      | Found a bloodstained altar of Trog.
 14485 | D:9      | Found a glowing golden altar of the Shining One.
 14487 | D:9      | Found a snail-covered altar of Cheibriados.
 14523 | D:9      | Found an opulent altar of Gozag.
 14801 | D:9      | Found an ancient bone altar of Kikubaaqudgha.
 14917 | Lair:1   | Entered Level 1 of the Lair of Beasts
 15415 | Lair:1   | Reached XP level 11. HP: 58/58 MP: 12/12
 15727 | Lair:1   | Identified the +1 war axe "Tonojul" {holy, Stlth+}
 15985 | Lair:1   | Reached skill level 10 in Polearms
 15985 | Lair:1   | Reached skill level 12 in Dodging
 17633 | Lair:2   | HP: 4/90 [blink frog (6)]
 18058 | Lair:2   | Noticed a lindwurm
 18289 | Lair:2   | Mangled by a cane toad

Illustrated notes

Levels and vault maps discovered:
D:1:      nicolae_arrival_kraken_aquarium_a, layout_basic
D:2:      layout_basic, shapermc_ecumenical_altar_mp_highgroup, minivault_24
D:3:      layout_loops_ring, gammafunk_ghost_gnarly_gnolls,
          wander_ebering_terrifying_dragon_lair
D:4:      minmay_diamond_boxcup, layout_loops_corners,
          minmay_temple_entry_stoned_glass
D:5:      gammafunk_steamed_eel, layout_rooms, uniq_sigmund
D:6:      layout_loops_cross, kennysheep_mini_moat,
          fedhas_bush_and_centaur_altar
D:7:      layout_basic, uniq_menkaure
D:8:      layout_cave_pools, david_lair_shrubbed,
          amcnicky_mini_rare_corridor_liquid
D:9:      layout_gridville, lemuel_round_altar,
          nicolae_gozag_cash_rules_everything_around_me,
          gammafunk_temple_overflow_forgotten
Temple:   minmay_temple_curvy_branch
Lair:1:   layout_roguey, nzn_random_ring
Lair:2:   layout_regular_city

Skill      XL: |  1  2  3  4  5  6  7  8  9 10 11 |
---------------+----------------------------------+-----
Polearms       | 3 4 5 6 8 9 10 | 10.8
Fighting       | 3 4 5 6 7 8 |  8.6
Dodging        | 5 6 7 8 10 11 12 | 12.9

Action                   |  1- 3 |  4- 6 |  7- 9 | 10-12 || total
-------------------------+-------+-------+-------+-------++-------
Melee: Spear             |    33 |       |       |       ||    33
       Short sword       |    92 |    95 |   255 |   442 ||   884
       Trident           |       |       |       |     9 ||     9
Invok: Berserk           |     4 |     6 |    32 |    34 ||    76
       Trog's Hand       |       |       |       |     6 ||     6
Evoke: Wand              |       |       |       |     3 ||     3
  Use: Scroll            |       |     1 |    11 |     5 ||    17
       Potion            |       |       |       |     3 ||     3
 Stab: Sleeping          |     2 |     4 |     3 |       ||     9
Armor: Animal skin       |     2 |     1 |    10 |    11 ||    24
Dodge: Dodged            |    88 |    60 |   253 |   581 ||   982
